 Dungeon Crawl Stone Soup version 0.30-a0-329-g85436e0a43 (webtiles) character file.

Game seed: 6021872669830012542

85 tilp the Grave Robber (level 4, -8/33 HPs)
             Began as a Mummy Necromancer on Oct 28, 2022.
             Mangled by an ogre
             ... wielding a +0 giant club
              (14 damage)
             ... on level 4 of the Dungeon.
             The game lasted 00:04:02 (1883 turns).

tilp the Grave Robber (Mummy Necromancer)           Turns: 1883, Time: 00:04:03

Health: -8/33      AC:  3    Str: 11    XL:     4   Next: 25%
Magic:  2/8        EV: 12    Int: 16    God:
Gold:   108        SH:  0    Dex: 12    Spells: 5/9 levels left

rFire   x . .      SeeInvis .    a - +0 demon trident
rCold   + . .      Faith    +    (no shield)
rNeg    + + +      Spirit   .    c - +0 robe
rPois   ∞          Reflect  .    (no helmet)
rElec   .          Harm     .    (no cloak)
rCorr   .          Rampage  .    (no gloves)
Will    .....                    j - +0 pair of boots
Stlth   ++........               (no amulet)
HPRegen 0.25/turn                (no ring)
MPRegen 0.11/turn                (no ring)

@: no status effects
A: cold resistance 1, negative energy resistance 3, torment resistance 2, heat
vulnerability 1, in touch with death 1, no potions, faith
a: no special abilities


You were on level 4 of the Dungeon.
You visited 1 branch of the dungeon, and saw 4 of its levels.

You collected 108 gold pieces.

Inventory:

Hand Weapons
 a - a +0 demon trident (weapon)
Missiles
 e - 18 stones (quivered)
 i - 2 javelins
 k - 5 poisoned darts
Armour
 c - a +0 robe (worn)
 j - a +0 pair of boots (worn)
Scrolls
 b - 2 scrolls of teleportation
 d - a scroll of torment {unknown}
 f - a scroll of vulnerability
 g - a scroll of immolation {unknown}
 h - a scroll of poison {unknown}
 l - a scroll of fear {unknown}


   Skills:
 - Level 2.0 Fighting
 - Level 2.0 Dodging
 - Level 2.0 Stealth
 - Level 3.0 Spellcasting
 * Level 4.8 Necromancy


You had 5 spell levels left.
You knew the following spells:

 Your Spells              Type           Power      Damage    Failure   Level
a - Necrotise             Necr           100%       1d9       2%          1
b - Vampiric Draining     Necr           26%        2d7       8%          3

Your spell library contained the following spells:

 Spells                   Type           Power      Damage    Failure   Level
 Animate Dead             Necr           26%        N/A       26%         4
 Agony                    Necr           26%        N/A       58%         5


Dungeon Overview and Level Annotations

Branches:
Dungeon (4/15)
 Temple: D:4-7

Altars:

Annotations:
D:3 incomplete (Ijyb has flame!), Ijyb


Innate Abilities, Weirdness & Mutations

You are immune to poison.
Your flesh is cold resistant. (rC+)
You are immune to negative energy. (rN+++)
You are immune to unholy pain and torment.
You are vulnerable to heat. (rF-)
You are in touch with the powers of death.
You do not drink.
You have a special connection with the divine. (Faith)


Message History

You feel a surge of power!
The hobgoblin writhes in agony.
The hobgoblin barely misses you. x2
Unknown command.
You see here a +0 club.
The hobgoblin attacks as you move away! The hobgoblin hits you.
The hobgoblin attacks as you move away! The hobgoblin closely misses you.
You barely miss the hobgoblin. The hobgoblin closely misses you.
You puncture the hobgoblin!
You kill the hobgoblin!
Casting: Necrotise (safe; 2% risk of failure)
Confirm with . or Enter, or press ? or * to list all spells.
The spell is quite dangerous to miscast (8% risk of failure)!
Continue anyway?
Okay, then.
Unknown command.
You hit the ogre.
The ogre is lightly wounded.
The ogre misses you.
Unknown command.
Casting: Vampiric Draining (quite dangerous; 8% risk of failure)
Confirm with . or Enter, or press ? or * to list all spells.
The spell is quite dangerous to miscast (8% risk of failure)!
Continue anyway?
Aiming: Vampiric Draining (quite dangerous; 8% risk of failure)
Press: ? - help, Shift-Dir - straight line, f - ogre
Aim: an ogre, wielding a +0 giant club (lightly wounded)
You feel a surge of power!
You draw life force from the ogre.
You feel life coursing into your body.
The ogre hits you with a +0 giant club!!
Ouch! That really hurt!
* * * LOW HITPOINT WARNING * * *
Unknown command.
Okay, then.
Casting: Vampiric Draining (quite dangerous; 8% risk of failure)
Confirm with . or Enter, or press ? or * to list all spells.
The spell is quite dangerous to miscast (8% risk of failure)!
Continue anyway?
Aiming: Vampiric Draining (quite dangerous; 8% risk of failure)
Press: ? - help, Shift-Dir - straight line, f/p - ogre
Aim: an ogre, wielding a +0 giant club (lightly wounded)
You feel a surge of power!
You draw life force from the ogre!
You feel life coursing into your body. The ogre hits you with a +0 giant club!
You die...

.. ... ...
......#
...##.#...#
..........#+####.
.........>.......
................
###.............
#.@...........).
#O###...........
#g)O............
#..<...?......?.
#...............
#..............J
##..............
####...........
............


You could see an ogre and a hobgoblin.

Vanquished Creatures
  3 gnolls (D:2)
  An adder (D:2)
  2 worms
  A ball python (D:1)
  4 endoplasms
  A giant cockroach (D:2)
  2 goblins
  7 hobgoblins
  7 kobolds
  3 bats
  11 frilled lizards
  2 rats (D:1)
44 creatures vanquished.

Notes
Turn   | Place    | Note
-------+----------+-------------------------------------------
     0 | D:1      | tilp the Mummy Necromancer began the quest for the Orb.
     0 | D:1      | Reached XP level 1. HP: 13/13 MP: 4/4
   208 | D:1      | Reached XP level 2. HP: 20/20 MP: 5/5
   304 | D:1      | Found a faded altar of an unknown god.
   550 | D:2      | Reached skill level 1 in Fighting
   694 | D:2      | Gained mutation: You are in touch with the powers of death.
                  | [Mummy growth]
   694 | D:2      | Reached XP level 3. HP: 19/26 MP: 7/7
   698 | D:2      | Learned a level 3 spell: Vampiric Draining
  1012 | D:2      | Reached XP level 4. HP: 33/33 MP: 5/8
  1396 | D:3      | Noticed Ijyb
  1866 | D:4      | Noticed an ogre
  1883 | D:4      | Mangled by an ogre

Illustrated notes

Levels and vault maps discovered:
D:1:      lightli_molten_gateway, layout_rooms,
          shapermc_ecumenical_altar_ellora, chequers_serial_rivers_micro_a,
          st_stairs_3
D:2:      layout_loops_ring, minmay_lizard_pond
D:3:      layout_loops_ring, uniq_ijyb, uniq_natasha, uniq_robin
D:4:      layout_basic, serial_shops, nicolae_shop_hallway_stairs,
          nicolae_underground_beach

Skill      XL: |  1  2  3  4 |
---------------+-------------+-----
Fighting       | 1 2 |  2.0
Dodging        | 2 |  2.0
Spellcasting   | 3 |  3.0
Stealth        | 2 |  2.0
Necromancy     | |  4.8

Action                   |  1- 3 |  4- 6 || total
-------------------------+-------+-------++-------
Melee: Demon trident     |    59 |    49 ||   108
 Cast: Necrotise         |    15 |     1 ||    16
       Vampiric Draining |       |     3 ||     3
  Use: Scroll            |     2 |       ||     2
 Stab: Sleeping          |     8 |     1 ||     9
Armor: Robe              |     6 |    11 ||    17
Dodge: Dodged            |    31 |    36 ||    67

Table legend: (Time is in decaauts)
 A = Elapsed time spent in this place.
 B = Non-inter-level travel time spent in this place.
 C = Inter-level travel time spent in this place.
 D = Time resting spent in this place.
 E = Time spent auto-exploring this place.
 F = Levels seen in this place.
 G = Mean time per level.
                   A        B        C        D        E       F      G
               +--------+--------+--------+--------+--------+-----+--------+
         Total |   1918 |   1759 |    159 |    254 |   1106 |   4 |  479.5 |
       Dungeon |   1918 |   1759 |    159 |    254 |   1106 |   4 |  479.5 |
               +--------+--------+--------+--------+--------+-----+--------+

Top non-repeatable levels by time:
     D:2: 1231 daAuts
     D:1: 553 daAuts
     D:3: 108 daAuts
     D:4: 24 daAuts
